 Dungeon Crawl Stone Soup version 0.25-a0-528-g6b7c99946c (webtiles) character file.

Game seed: 12340857692396390543, levelgen mode: deterministic

4027 kae the Martial Artist (level 10, -2/80 HPs)
             Began as a Demonspawn Gladiator on Feb 19, 2020.
             Was a Follower of Makhleb.
             Slain by a troll (12 damage)
             ... on level 9 of the Dungeon.
             The game lasted 00:08:44 (6540 turns).

kae the Martial Artist (Demonspawn Gladiator)       Turns: 6540, Time: 00:08:44

Health: -2/80      AC:  9    Str: 15    XL:     10   Next: 4%
Magic:  14/14      EV: 12    Int:  9    God:    Makhleb [*.....]
Gold:   291        SH:  0    Dex: 18    Spells: 9/9 levels left

rFire    . . .     SeeInvis .     - Unarmed
rCold    . . .     Gourm    .   (no shield)
rNeg     . . .     Faith    .   a - +0 leather armour
rPois    .         Spirit   .   b - +0 helmet
rElec    .         Reflect  .   j - +2 cloak
rCorr    .         Harm     .   (no gloves)
MR       .....                  (no boots)
Stlth    +.........             q - amulet of magic regeneration
HPRegen  0.23/turn              (no ring)
MPRegen  0.39/turn              (no ring)

@: drained
A: slimy green scales 1, powered by death 2, spiny 1
a: Renounce Religion


You were on level 9 of the Dungeon.
You worshipped Makhleb.
Makhleb was aware of your devotion.
You were very hungry.

You visited 2 branches of the dungeon, and saw 10 of its levels.

You collected 291 gold pieces.

Inventory:

Missiles
 c - 3 throwing nets (quivered)
Armour
 a - a +0 leather armour (worn)
 b - a +0 helmet (worn)
 j - a +2 cloak (worn)
Jewellery
 q - an amulet of magic regeneration (around neck)
Wands
 g - a wand of paralysis (7)
 t - a wand of random effects (25)
Scrolls
 f - 2 scrolls of remove curse
 k - 5 scrolls of teleportation
 l - 2 scrolls of noise
 s - a scroll of enchant weapon
Potions
 e - 2 potions of flight
 i - 2 potions of brilliance
 m - a potion of resistance
 n - a potion of curing
 o - a potion of mutation
 p - a potion of stabbing
 r - a potion of magic
 u - 2 potions of haste
 w - a potion of heal wounds {unknown}
Comestibles
 d - 15 rations


   Skills:
 + Level 8.1(7.1) Fighting
 - Level 1.7(0.9) Throwing
 - Level 2.6(1.8) Dodging
 * Level 10.6(9.5) Unarmed Combat
 + Level 6.1(5.1) Invocations


You had 9 spell levels left.
You didn't know any spells.
Your spell library was empty.

Dungeon Overview and Level Annotations

Branches:
Dungeon (9/15)             Temple (1/1) D:6
   Lair: D:8-11         Orc: D:9-12

Altars:
Ashenzari
Cheibriados
Dithmenos
Elyvilon
Fedhas
Gozag
Hepliaklqana
Kikubaaqudgha
Makhleb
Nemelex Xobeh
Okawaru
Qazlal
Ru
Sif Muna
Trog
Uskayaw
Vehumet
Wu Jian
Xom
Yredelemnul
Zin
The Shining One

Shops:
D:8 =

Annotations:
D:8 1 runed translucent door, LostGamesStreakFreak's ghost, novice MfGl


Innate Abilities, Weirdness & Mutations

You are partially covered in slimy green scales. (AC +2)
You regenerate health from kills.
You are partially covered in sharp spines.


Message History

You punch the troll!
The troll is severely wounded.
The troll barely misses you. The troll completely misses you.
The troll claws you but does no damage.
You closely miss the troll. Your punch misses the troll.
The troll is severely wounded.
You closely miss the troll.
The troll is severely wounded.
The troll barely misses you. The troll closely misses you. x2
You punch the troll!
The troll is almost dead.
The troll barely misses you. The troll claws you. x2
You barely miss the troll.
The troll is almost dead.
The troll bites you!
* * * LOW HITPOINT WARNING * * *
The troll claws you.
* * * LOW HITPOINT WARNING * * *
The troll claws you!
You die...

.# ..#
########..#
##.........##
#...........#
#...<.......#
##....###..##
##....###.$#
#.....@T...#
#.............
##....###..##.
###### +#


You could see a troll.

Vanquished Creatures
  A two-headed ogre (D:7)
  Sigmund (D:2)
  A hungry ghost (D:8)
  Menkaure (D:5)
  A sky beast (D:7)
  2 orc warriors
  An ice beast (D:6)
  2 black bears
  2 phantoms
  An ogre (D:5)
  2 centaurs (D:6)
  A big kobold (D:8)
  2 bullfrogs
  A water moccasin zombie (D:5)
  4 killer bees (D:7)
  2 wights (D:8)
  6 howler monkeys
  A centaur zombie (D:8)
  2 crimson imps
  A bullfrog skeleton (D:7)
  4 hounds
  3 orc priests (D:6)
  3 jellies (D:5)
  12 orc wizards
  An iguana (D:4)
  Terence (D:2)
  Natasha (thrice) (D:2)
  3 worker ants
  2 hound skeletons
  A howler monkey skeleton (D:6)
  3 gnolls (D:7)
  12 adders
  5 shadow imps
  2 oozes
  An adder zombie (D:6)
  An adder skeleton (D:5)
  2 worms
  A dart slug (D:2)
  3 leopard geckos
  18 orcs
  2 giant cockroaches
  5 goblins
  6 hobgoblins
  7 jackals
  14 kobolds
  5 quokkas
  3 ball pythons
  10 bats
  4 frilled lizards
  2 giant cockroach zombies (D:5)
  2 quokka skeletons
  4 rats
180 creatures vanquished.

Notes
Turn   | Place    | Note
-------+----------+-------------------------------------------
     0 | D:1      | kae the Demonspawn Gladiator began the quest for the Orb.
     0 | D:1      | Reached XP level 1. HP: 16/16 MP: 1/1
   156 | D:1      | Reached skill level 3 in Unarmed Combat
   366 | D:1      | Gained mutation: You are partially covered in slimy green
                  | scales. (AC +2) [demonic ancestry]
   366 | D:1      | Reached XP level 2. HP: 20/22 MP: 2/2
   915 | D:2      | Gained mutation: You are partially covered in sharp spines.
                  | [demonic ancestry]
   915 | D:2      | Reached XP level 3. HP: 23/28 MP: 3/3
  1088 | D:2      | Noticed Sigmund
  1290 | D:2      | Found a shattered altar of Ashenzari.
  1292 | D:2      | Noticed Terence
  1309 | D:2      | Reached skill level 4 in Unarmed Combat
  1309 | D:2      | Reached XP level 4. HP: 35/35 MP: 4/4
  1312 | D:2      | Noticed Natasha
  1326 | D:2      | Killed Terence
  1352 | D:2      | Killed Natasha
  1352 | D:2      | Reached XP level 5. HP: 26/41 MP: 5/5
  1522 | D:2      | Noticed Natasha
  1529 | D:2      | Killed Natasha
  1545 | D:2      | Killed Sigmund
  1545 | D:2      | Reached skill level 5 in Unarmed Combat
  1545 | D:2      | Gained mutation: You regenerate a little health from kills.
                  | [demonic ancestry]
  1545 | D:2      | Reached XP level 6. HP: 20/48 MP: 6/6
  1588 | D:2      | Noticed Natasha
  1614 | D:2      | Killed Natasha
  2290 | D:3      | Reached skill level 6 in Unarmed Combat
  3038 | D:4      | Found a stormy altar of Qazlal.
  3163 | D:4      | Gained mutation: You regenerate health from kills. [demonic
                  | ancestry]
  3163 | D:4      | Reached XP level 7. HP: 44/55 MP: 7/7
  3284 | D:5      | Entered Level 5 of the Dungeon
  3674 | D:5      | Reached skill level 5 in Fighting
  3729 | D:5      | Noticed Menkaure
  3739 | D:5      | Killed Menkaure
  3739 | D:5      | Reached skill level 7 in Unarmed Combat
  3840 | D:5      | Paralysed by an orc for 3 turns
  3908 | D:5      | Found a hazy altar of Hepliaklqana.
  3974 | D:5      | Reached XP level 8. HP: 63/63 MP: 8/8
  4381 | D:6      | Reached skill level 8 in Unarmed Combat
  4570 | D:6      | Found a staircase to the Ecumenical Temple.
  4589 | Temple   | Entered the Ecumenical Temple
  4673 | Temple   | Became a worshipper of Makhleb the Destroyer
  4711 | D:6      | Reached skill level 1 in Invocations
  4847 | D:6      | Reached skill level 9 in Unarmed Combat
  4939 | D:6      | Found an ancient bone altar of Kikubaaqudgha.
  4939 | D:6      | Found an ornate altar of the Wu Jian Council.
  4944 | D:6      | Found a shimmering blue altar of Sif Muna.
  4946 | D:6      | Found an iron altar of Okawaru.
  4947 | D:6      | Found a sacrificial altar of Ru.
  5160 | D:7      | Reached XP level 9. HP: 63/71 MP: 10/10
  5372 | D:7      | Noticed a two-headed ogre
  5405 | D:7      | Killed a two-headed ogre
  5417 | D:7      | Reached skill level 10 in Unarmed Combat
  5428 | D:7      | Reached * piety under Makhleb
  5498 | D:7      | Reached skill level 5 in Invocations
  5905 | D:8      | Found Tiseorut's Jewellery Boutique.
  5908 | D:8      | Found a runed translucent door.
  5909 | D:8      | Noticed a centaur warrior
  5909 | D:8      | Noticed LostGamesStreakFreak's ghost (novice MfGl)
  6385 | D:8      | Reached XP level 10. HP: 80/80 MP: 14/14
  6540 | D:9      | Slain by a troll

Levels and vault maps discovered:
D:1:      wheals_arrival_linesprint, layout_basic
D:2:      layout_rooms, ashenzari_altar_1, uniq_natasha, uniq_terence,
          uniq_sigmund
D:3:      layout_basic
D:4:      layout_loops_ring, nicolae_qazlal_eye_of_the_storm
D:5:      layout_loops_corners, basic_altar, first_ration, uniq_menkaure
D:6:      layout_loops_ring, chequers_temple_overflow_minitemple,
          minmay_temple_entry_hall
D:7:      layout_basic
D:8:      layout_loops_cross, serial_shops, nicolae_shop_stone,
          ebering_ghost_inner_flame
D:9:      layout_gridville, david_orc_2, the_bakery
Temple:   eino_wide_crystal_templ

Skill      XL: |  1  2  3  4  5  6  7  8  9 |
---------------+----------------------------+-----
Unarmed Combat | 3 4 5 6 7 9 10 | 10.6
Fighting       | 3 4 5 6 8 |  8.1
Invocations    | 2 6 |  6.1
Throwing       | |  1.7
Dodging        | |  2.6

Action                   |  1- 3 |  4- 6 |  7- 9 | 10-12 || total
-------------------------+-------+-------+-------+-------++-------
Melee: Unarmed           |   113 |   138 |   325 |    18 ||   594
       Punch             |     2 |     3 |    17 |     1 ||    23
Evoke: Wand              |       |       |     1 |       ||     1
  Use: Scroll            |     3 |     6 |    11 |       ||    20
       Potion            |     2 |     2 |     1 |       ||     5
 Stab: Sleeping          |     1 |     2 |     1 |       ||     4
       Paralysed         |       |       |    12 |       ||    12
  Eat: Chunk             |     1 |     5 |    12 |       ||    18
Armor: Leather armour    |    50 |    46 |    89 |     5 ||   190
Dodge: Dodged            |   107 |    77 |   157 |    12 ||   353

Table legend:
 A = Non-vault XP
 B = Vault XP
 C = Vault XP percentage of total XP
 D = Non-vault monster count
 E = Vault monster count
 F = Vault count percentage of total count
                 A         B        C        D         E       F
            +---------+---------+-------+---------+---------+-------
      Total |    5290 |     463 |   8.0 |     176 |       4 |   2.2
            +---------+---------+-------+---------+---------+-------
        D:1 |      28 |       0 |   0.0 |      17 |       0 |   0.0
        D:2 |     239 |     291 |  54.9 |      36 |       3 |   7.7
        D:3 |     120 |       0 |   0.0 |      19 |       0 |   0.0
        D:4 |     126 |       0 |   0.0 |       9 |       0 |   0.0
        D:5 |     514 |     172 |  25.1 |      17 |       1 |   5.6
        D:6 |    1229 |       0 |   0.0 |      31 |       0 |   0.0
        D:7 |    2373 |       0 |   0.0 |      30 |       0 |   0.0
        D:8 |     626 |       0 |   0.0 |      14 |       0 |   0.0
        D:9 |      35 |       0 |   0.0 |       3 |       0 |   0.0
            +---------+---------+-------+---------+---------+-------
